 Dungeon Crawl Stone Soup version 0.20-b1-24-gb21faa7 (webtiles) character file.

76 Gorglomux the Ruffian (level 4, -1/44 HPs)
             Began as a Troll Warper on May 25, 2017.
             Slain by a gnoll
             ... wielding a +0 halberd
              (3 damage)
             ... on level 2 of the Dungeon.
             The game lasted 00:01:49 (1122 turns).

Gorglomux the Ruffian (Troll Warper)                Turns: 1122, Time: 00:01:51

Health: -1/44      AC:  5    Str: 19    XL:     4   Next: 12%
Magic:  4/4        EV: 10    Int:  9    God:
Gold:   63         SH:  0    Dex: 10    Spells: 5/5 levels left

rFire    . . .     SeeInvis .     - Unarmed
rCold    . . .     Gourm    +   (no shield)
rNeg     . . .     Faith    .   a - +0 robe
rPois    .         Spirit   .   (helmet restricted)
rElec    .         Reflect  .   (no cloak)
rCorr    .         Harm     .   (gloves unavailable)
MR       .....                  (boots unavailable)
Stlth    +.........             (no amulet)
Regen    0.6/turn               (no ring)
MPRegen  0.1/turn               (no ring)

@: no status effects
A: unfitting armour, claws 3, fast metabolism 3, gourmand, regeneration 1,
shaggy fur 1, tough skin 2
a: no special abilities


You were on level 2 of the Dungeon.
You were full.

You visited 1 branch of the dungeon, and saw 2 of its levels.

You collected 63 gold pieces.

Inventory:

Missiles
 d - 5 tomahawks of dispersal (quivered)
Armour
 a - a +0 robe (worn)
Scrolls
 B - 2 scrolls of blinking
 C - a scroll of fear {unknown}
 D - a scroll of enchant weapon {unknown}
 E - a scroll of remove curse {unknown}
 H - a scroll of random uselessness {unknown}
 I - a scroll of teleportation {unknown}
 M - a scroll of identify {unknown}
Potions
 F - a potion of haste {unknown}
 J - a potion of brilliance {unknown}
 K - 2 potions of curing {unknown}
Books
 b - a book of Spatial Translocations

   Spells                             Type                      Level
   a - Blink                          Translocation                2
   b - Shroud of Golubria             Charms/Translocation         2
   c - Lesser Beckoning               Translocation                3
   d - Gell's Gravitas                Translocation                3
   e - Teleport Other                 Translocation                3
   f - Passage of Golubria            Translocation                4
Comestibles
 f - 2 bread rations
 z - 4 meat rations
 L - a royal jelly


   Skills:
 + Level 2.6 Fighting
 - Level 0.8 Throwing
 - Level 1.9 Dodging
 + Level 3.5 Unarmed Combat
 - Level 1.2 Spellcasting
   Level 2.1 Translocations


You had 5 spell levels left.
You didn't know any spells.

Dungeon Overview and Level Annotations

Branches:
Dungeon (2/15)

Altars:


Innate Abilities, Weirdness & Mutations

You are too large for most types of armour.
You have claws for hands.
Your metabolism is lightning-fast.
You like to eat raw meat.
Your natural rate of healing is unusually fast.
You are covered in fur. (AC +1)
You have very tough skin. (AC +2)


Message History

The gnoll hits you with a spear.
The gnoll hits you from afar with a halberd!
* * * LOW HITPOINT WARNING * * *
You see here a halberd.
The gnoll hits you from afar with a spear.
* * * LOW HITPOINT WARNING * * *
You see here a flail.
There is an open door, spattered with blood here.
You see here a stone.
Things that are here:
a whip; a stone A worm comes into view.
The gnoll hits you from afar with a halberd!
* * * LOW HITPOINT WARNING * * *
The gnoll closely misses you.
The gnoll hits you from afar with a spear!
* * * LOW HITPOINT WARNING * * *
The gnoll barely misses you.
The gnoll hits you from afar with a halberd.
You die...

#.# ########.# #.......)#
#........# #####
#########........### .....
......w...........># ####
#########g.......#.#
###########..g.......#
#.........#@.......###
######.........##...##..#
..).........)..().#.##..######
######....)(.((##............#
#[...)#######.###.......#
#.....#######.# #.......#
###........##.# #.......#
###......##.# #.#######
#......##.# #.#


You could see 2 gnolls.

Vanquished Creatures
  An adder (D:2)
  2 gnolls (D:2)
  An ooze (D:1)
  A dart slug (D:1)
  A leopard gecko (D:2)
  3 bats (D:1)
  2 giant cockroaches
  4 goblins (D:1)
  6 hobgoblins (D:1)
  5 jackals (D:1)
  5 frilled lizards
  5 kobolds
  4 rats
40 creatures vanquished.

Notes
Turn   | Place    | Note
-------+----------+-------------------------------------------
     0 | D:1      | Gorglomux the Troll Warper began the quest for the Orb.
     0 | D:1      | Reached XP level 1. HP: 19/19 MP: 1/1
   198 | D:1      | Reached XP level 2. HP: 28/28 MP: 2/2
   436 | D:1      | Reached XP level 3. HP: 35/35 MP: 3/3
   526 | D:1      | Reached skill level 3 in Unarmed Combat
  1036 | D:2      | Reached XP level 4. HP: 18/44 MP: 4/4
  1090 | D:2      | HP: 2/44 [gnoll/spear (6)]
  1121 | D:2      | HP: 1/44 [gnoll/spear (10)]
  1122 | D:2      | Slain by a gnoll

Skill      XL: |  1  2  3 |
---------------+----------+-----
Fighting       | 2 |  2.6
Unarmed Combat | 3 |  3.5
Throwing       | |  0.8
Dodging        | |  1.9
Spellcasting   | |  1.2
Translocations | |  2.1

Action                   |  1- 3 |  4- 6 || total
-------------------------+-------+-------++-------
Melee: Unarmed           |   123 |     1 ||   124
       Punch             |     2 |       ||     2
  Eat: Chunk             |    13 |       ||    13
Armor: Robe              |    53 |       ||    53
Dodge: Dodged            |    72 |     4 ||    76
